 Dungeon Crawl Stone Soup version 0.21.0-3-g78d12a8 (webtiles) character file.

10118 mortelune the Destroyer (level 11, -4/99 HPs)
             Began as a Red Draconian Conjurer on Jan 13, 2018.
             Was an Elder of Sif Muna.
             Slain by Urug
             ... wielding a +4 long sword of freezing
              (11 damage)
             ... on level 11 of the Dungeon.
             The game lasted 00:51:38 (18527 turns).

mortelune the Destroyer (Red Draconian Conjurer)   Turns: 18527, Time: 00:51:38

Health: -4/99      AC:  8    Str: 16    XL:     11   Next: 32%
Magic:  9/23       EV: 12    Int: 18    God:    Sif Muna [****..]
Gold:   69         SH:  5    Dex: 12    Spells: 5/27 levels left

rFire    + + .     SeeInvis +   U - +4 trident "Guom" {flame, Str+5 SInv}
rCold    . . .     Gourm    .   B - +0 buckler
rNeg     . . .     Faith    +   (armour unavailable)
rPois    +         Spirit   .   (helmet restricted)
rElec    .         Reflect  .   H - +0 cloak
rCorr    .         Harm     .   (no gloves)
MR       .....                  (no boots)
Stlth    ++........             V - amulet of faith
HPRegen  0.26/turn              R - ring of protection from fire
MPRegen  0.18/turn              t - ring of poison resistance

@: slowed, very slow
A: breathe fire, unfitting armour, fire resistance 1, cold-blooded, AC +7
a: Breathe Fire, Divine Energy, Channel Magic, Forget Spell, Renounce Religion


You were on level 11 of the Dungeon.
You worshipped Sif Muna.
Sif Muna was greatly pleased with you.
You were not hungry.

You visited 2 branches of the dungeon, and saw 12 of its levels.

You collected 559 gold pieces.
You spent 490 gold pieces at shops.

Inventory:

Hand Weapons
 f - a +0 dagger
 n - a +2 whip of venom
 r - a +0 broad axe
 s - a +2 glaive of flaming
 v - a +1 dagger of venom
 Q - a +3 flail of freezing
 U - the +4 trident "Guom" (weapon) {flame, Str+5 SInv}
   (You took it off an orc on level 10 of the Dungeon)

   It has been specially enchanted to burn those struck by it, causing extra
   injury to most foes and up to half again as much damage against particularly
   susceptible opponents.
   It affects your strength (+5).
   It lets you see invisible.
Armour
 B - a +0 buckler (worn)
 H - a +0 cloak (worn)
Jewellery
 e - a +3 ring of evasion
 t - a ring of poison resistance (right hand)
 D - an uncursed ring of protection from magic
 R - a ring of protection from fire (left hand)
 V - an amulet of faith (around neck)
Wands
 y - a wand of iceblast (11)
 G - a wand of disintegration (14)
 L - a wand of flame (61)
 N - a wand of digging (12)
 P - a wand of paralysis (16)
Scrolls
 h - a scroll of noise {unknown}
 j - 3 scrolls of enchant weapon
 l - a scroll of immolation
 m - 2 scrolls of amnesia
 p - 9 scrolls of teleportation
 q - a scroll of blinking
 w - a scroll of enchant armour {unknown}
 x - 6 scrolls of remove curse
 F - a scroll of fog {unknown}
 K - 4 scrolls of magic mapping {unknown}
 T - a scroll of identify
Potions
 c - a potion of mutation
 d - 5 potions of haste
 g - 2 potions of resistance
 i - 4 potions of might
 k - 4 potions of curing
 u - a potion of agility
 A - a potion of brilliance {unknown}
 E - a potion of degeneration {unknown}
 I - a potion of magic {unknown}
 O - a potion of ambrosia {unknown}
Books
 a - a book of Conjurations

   Spells                             Type                      Level
   a - Magic Dart                     Conjuration                  1
   b - Searing Ray                    Conjuration                  2
   c - Dazzling Spray                 Conjuration/Hexes            3
   d - Fulminant Prism                Conjuration/Hexes            4
   e - Force Lance                    Conjuration/Translocation    4
   f - Iskenderun's Mystic Blast      Conjuration                  4
 S - a book of Flames

   Spells                             Type                      Level
   a - Flame Tongue                   Conjuration/Fire             1
   b - Throw Flame                    Conjuration/Fire             2
   c - Conjure Flame                  Conjuration/Fire             3
   d - Inner Flame                    Hexes/Fire                   3
   e - Sticky Flame                   Conjuration/Fire             4
   f - Fireball                       Conjuration/Fire             5
Comestibles
 b - 16 rations


   Skills:
 + Level 10.1 Fighting
 + Level 2.5 Dodging
 - Level 1.7 Stealth
 - Level 4.0 Shields
 + Level 8.8 Spellcasting
 + Level 11.5 Conjurations
 * Level 3.2 Fire Magic


You had 5 spell levels left.
You knew the following spells:

 Your Spells              Type           Power        Failure   Level  Hunger
a - Magic Dart            Conj           ####         1%          1    None
b - Searing Ray           Conj           #####.       1%          2    None
c - Dazzling Spray        Conj/Hex       ####..       2%          3    None
d - Iskenderun's Mystic   Conj           #####...     1%          4    ###....
e - Conjure Flame         Conj/Fire      ####....     1%          3    None
f - Fireball              Conj/Fire      ####......   12%         5    #####..
g - Sticky Flame          Conj/Fire      ####....     4%          4    ###....


Dungeon Overview and Level Annotations

Branches:
Dungeon (11/15)            Temple (1/1) D:5
   Lair: D:8-11         Orc: D:9-12

Altars:
Ashenzari
Cheibriados
Dithmenos
Fedhas
Gozag
Kikubaaqudgha
Makhleb
Nemelex Xobeh
Okawaru
Qazlal
Ru
Sif Muna
Uskayaw
Wu Jian
Yredelemnul
Zin
The Shining One

Shops:
D:6 :   D:8 (   D:10 =

Annotations:
D:2 exclusion: downstairs
D:7 exclusion: upstairs
D:9 1 runed door
D:11 Urug


Innate Abilities, Weirdness & Mutations

You can breathe blasts of fire.
Your fiery red scales are hard. (AC +7)
You cannot fit into any form of body armour.
Your flesh is heat resistant. (rF+)
You are cold-blooded and may be slowed by cold attacks.


Message History

The searing ray hits Urug.
Urug is moderately wounded.
The searing ray hits Urug.
Urug is heavily wounded.
You finish channeling your searing ray.
Urug hits you with a long sword of freezing!
Urug freezes you.
Urug hits you with a long sword of freezing!!
You feel yourself slow down. Urug freezes you.
* * * LOW HITPOINT WARNING * * *
Casting: Searing Ray
Confirm with . or Enter, or press ? or * to list all spells.
Aiming: Dazzling Spray
Press: ? - help, Shift-Dir - straight line, f/p - Urug
Aim: Urug, wielding a long sword of freezing and wearing a scale mail (heavily wounded)
The spray of energy misses Urug.
Urug hits you with a long sword of freezing!!
* * * LOW HITPOINT WARNING * * *
Urug freezes you!
You die...

###### ############
#....# #..........###
#....+ #............#
#....#
#.....>....#.#####....#
#...(......#.....'....#
######.###########..<.#
#.# ##'### #@# #....
#o# ####. #.# #####+
#ยง# #..... #.# #.....
#.# #..... ##.# #.....
###..# #..... #...##
#.....


You could see Urug.

Vanquished Creatures
  2 two-headed ogres
  A skeletal warrior (D:11)
  Pikel (D:6)
  Joseph (D:7)
  A centaur skeleton (D:9)
  A gargoyle (D:11)
  2 hornets
  Prince Ribbit (D:5)
  Grinder (D:6)
  2 hippogriffs (D:8)
  Sigmund (D:3)
  Eustachio (D:4)
  Menkaure (D:7)
  A water moccasin (D:8)
  3 orc warriors
  A slave (D:6)
  2 black bears
  A phantom (D:4)
  A necrophage (D:9)
  5 ogres
  3 sky beasts
  2 centaurs
  A crocodile (D:8)
  2 big kobolds
  Blork the orc (D:5)
  8 bullfrogs
  5 scorpions
  7 killer bees
  7 wights
  5 howler monkeys
  4 crimson imps
  A bullfrog zombie (D:7)
  5 bullfrog skeletons
  2 jellies (D:8)
  6 hounds
  10 orc priests
  A gnoll shaman (D:5)
  Ijyb (D:4)
  8 worker ants
  7 iguanas
  13 orc wizards
  2 hound skeletons
  Robin (D:4)
  2 howler monkey skeletons
  14 adders
  3 gnolls (D:5)
  3 shadow imps
  2 oozes
  An adder zombie (D:6)
  An adder skeleton (D:8)
  2 worms (D:2)
  4 dart slugs
  3 leopard geckos
  27 orcs
  9 bats
  9 giant cockroaches
  19 goblins
  8 hobgoblins
  12 jackals
  6 quokkas
  2 ball pythons
  3 frilled lizards
  12 kobolds
  8 rats
282 creatures vanquished.

Notes
Turn   | Place    | Note
-------+----------+-------------------------------------------
     0 | D:1      | mortelune the Draconian Conjurer began the quest for the Orb.
     0 | D:1      | Reached XP level 1. HP: 14/14 MP: 3/3
   118 | D:1      | Reached XP level 2. HP: 16/22 MP: 0/5
   263 | D:1      | Learned a level 2 spell: Searing Ray
   554 | D:1      | Reached skill level 1 in Fighting
   859 | D:1      | Reached XP level 3. HP: 27/28 MP: 1/6
   864 | D:1      | Learned a level 3 spell: Dazzling Spray
  2648 | D:2      | Reached XP level 4. HP: 36/36 MP: 2/7
  3495 | D:3      | Reached skill level 5 in Conjurations
  4300 | D:3      | Noticed Sigmund
  4804 | D:4      | Reached XP level 5. HP: 38/42 MP: 0/9
  5368 | D:4      | Noticed a phantom
  5420 | D:4      | Noticed Ijyb
  5420 | D:4      | Reached XP level 6. HP: 51/51 MP: 0/11
  5423 | D:4      | Reached skill level 6 in Conjurations
  5560 | D:4      | Killed Ijyb
  5750 | D:4      | Learned a level 4 spell: Iskenderun's Mystic Blast
  6306 | D:4      | Your scales start taking on a fiery red colour.
  6306 | D:4      | Reached XP level 7. HP: 57/58 MP: 0/12
  6306 | D:4      | Gained mutation: Your flesh is heat resistant. (rF+) [Red Draconian growth]
  6408 | D:4      | Noticed Eustachio
  6436 | D:4      | Killed Eustachio
  6436 | D:4      | Reached skill level 7 in Conjurations
  6868 | D:4      | Noticed Robin
  6872 | D:4      | Killed Robin
  7272 | D:5      | Entered Level 5 of the Dungeon
  7626 | D:5      | Found a staircase to the Ecumenical Temple.
  7652 | Temple   | Entered the Ecumenical Temple
  7694 | Temple   | Became a worshipper of Sif Muna the Loreminder
  7910 | D:5      | Noticed Blork the orc
  7917 | D:5      | Killed Blork the orc
  8124 | D:5      | Reached XP level 8. HP: 67/67 MP: 9/14
  8143 | D:5      | Noticed Prince Ribbit
  8175 | D:5      | Killed Prince Ribbit
  8175 | D:5      | Reached skill level 5 in Fighting
  8175 | D:5      | Reached skill level 8 in Conjurations
  8618 | D:5      | Reached skill level 5 in Spellcasting
  9232 | D:5      | Found a shadowy altar of Dithmenos.
  9723 | D:6      | Reached skill level 9 in Conjurations
  9786 | D:3      | Killed Sigmund
  9786 | D:3      | Reached * piety under Sif Muna
 10384 | D:6      | Noticed Pikel
 10405 | D:6      | Killed Pikel
 10405 | D:6      | Reached skill level 1 in Shields
 10405 | D:6      | Reached XP level 9. HP: 45/78 MP: 4/17
 10793 | D:6      | Found Soorgh's Book Shop.
 10932 | D:6      | Noticed Grinder
 10942 | D:6      | Killed Grinder
 11282 | D:6      | Found a sacrificial altar of Ru.
 11282 | D:6      | Found a sparkling altar of Nemelex Xobeh.
 11549 | D:6      | Found an iron altar of Okawaru.
 11550 | D:6      | Found a glowing silver altar of Zin.
 11826 | D:7      | Noticed Menkaure
 11841 | D:7      | Killed Menkaure
 12222 | D:7      | Reached skill level 10 in Conjurations
 12246 | D:7      | Reached ** piety under Sif Muna
 12384 | D:7      | Noticed Joseph
 12397 | D:7      | Killed Joseph
 12397 | D:7      | Reached XP level 10. HP: 37/88 MP: 9/20
 13226 | D:6      | Found an ornate altar of the Wu Jian Council.
 13892 | D:8      | Noticed a two-headed ogre
 13901 | D:8      | Killed a two-headed ogre
 14578 | D:8      | Reached skill level 11 in Conjurations
 14604 | D:8      | Reached *** piety under Sif Muna
 14772 | D:8      | Found Xewibaez's Antique Weapon Shoppe.
 15253 | D:9      | Found a snail-covered altar of Cheibriados.
 15616 | D:9      | Reached XP level 11. HP: 75/99 MP: 6/23
 16164 | D:9      | Found a runed door.
 16164 | D:9      | Noticed a harpy
 16164 | D:9      | Noticed a deep elf knight
 16164 | D:9      | Noticed a centaur warrior
 16166 | D:9      | Noticed a deep elf mage
 16166 | D:9      | Noticed a stone giant
 16166 | D:9      | Noticed a centaur warrior
 16166 | D:9      | Noticed a deep elf mage
 16166 | D:9      | Noticed a frost giant
 16288 | D:10     | Entered Level 10 of the Dungeon
 16358 | D:10     | Got a faintly glowing trident {flame}
 16545 | D:10     | Identified the +4 trident "Guom" {flame, Str+5 SInv} (You took it off an orc on level 10 of the Dungeon)
 16645 | D:6      | Bought a book of Flames for 490 gold pieces
 16711 | D:5      | Learned a level 3 spell: Conjure Flame
 16717 | D:5      | Learned a level 5 spell: Fireball
 16722 | D:5      | Learned a level 4 spell: Sticky Flame
 16853 | D:10     | Found Xasos's Jewellery Emporium.
 16857 | D:10     | Noticed a two-headed ogre
 16864 | D:10     | Killed a two-headed ogre
 16864 | D:10     | Reached skill level 1 in Fire Magic
 17586 | D:10     | Reached skill level 10 in Fighting
 18232 | D:11     | Noticed a skeletal warrior
 18232 | D:11     | Noticed a skeletal warrior
 18232 | D:11     | Noticed a skeletal warrior
 18235 | D:11     | Noticed a skeletal warrior
 18239 | D:11     | Killed a skeletal warrior
 18239 | D:11     | Reached **** piety under Sif Muna
 18502 | D:11     | Noticed Urug
 18527 | D:11     | Slain by Urug

Skill      XL: |  1  2  3  4  5  6  7  8  9 10 11 |
---------------+----------------------------------+-----
Fighting       | 1 2 3 4 6 7 9 10 | 10.1
Conjurations   | 5 6 7 9 10 11 | 11.5
Spellcasting   | 3 4 5 7 8 |  8.8
Shields        | 1 4 |  4.0
Dodging        | 2 |  2.5
Fire Magic     | 3 |  3.2
Stealth        | |  1.7

Action                   |  1- 3 |  4- 6 |  7- 9 | 10-12 || total
-------------------------+-------+-------+-------+-------++-------
Melee: Dagger            |    56 |       |       |       ||    56
       Tailslap          |     4 |     1 |     5 |     1 ||    11
       Whip              |       |    29 |    27 |    24 ||    80
       Trident           |       |       |       |     1 ||     1
 Cast: Magic Dart        |    63 |    45 |   142 |   133 ||   383
       Searing Ray       |     9 |    31 |    58 |    49 ||   147
       Dazzling Spray    |       |     1 |    17 |    14 ||    32
       Iskenderun's Myst |       |     1 |     5 |    50 ||    56
       Conjure Flame     |       |       |       |     2 ||     2
       Sticky Flame      |       |       |       |     2 ||     2
 Abil: Breathe Fire      |       |       |     1 |       ||     1
  Use: Scroll            |       |     8 |     3 |     3 ||    14
       Potion            |       |     2 |     1 |       ||     3
 Stab: Invisible         |       |       |     2 |       ||     2
  Eat: Chunk             |     7 |     5 |    13 |    17 ||    42
       Ration            |       |     2 |     3 |     2 ||     7
Armor: Skin              |    20 |     9 |    30 |    51 ||   110
Dodge: Dodged            |    52 |    47 |   142 |   118 ||   359
Block: Buckler           |       |       |    14 |    44 ||    58
